 Dungeon Crawl Stone Soup version 0.32-a0-872-g59262bdc9b (webtiles) character file.

Game seed: 6381704686266794140

99 Ofeo the Shooter (level 4, -10/32 HPs)
             Began as a Coglin Hexslinger on Mar 30, 2024.
             Killed by divine providence
             ... invoked by an orc priest
              (13 damage)
             ... on level 3 of the Dungeon.
             The game lasted 00:02:15 (2310 turns).

Ofeo the Shooter (Coglin Hexslinger)                Turns: 2310, Time: 00:02:15

Health: -10/32     AC:  8    Str:  8    XL:     4   Next: 72%
Magic:  5/5        EV:  9    Int: 12    God:
Gold:   97         SH:  0    Dex: 19    Spells: 5/5 levels left

rFire   . . .        a - +2 sling {Imanvir}
rCold   . . .        l - +0 sling {Si-Tayit}
rNeg    . . .        h - +3 ring mail
rPois   .            (no helmet)
rElec   .            (no cloak)
rCorr   .            (no gloves)
SInv    .            (no boots)
Will    .....        (amulet unavailable)
Stlth   +            (ring unavailable)
HPRegen 0.25/turn    (ring unavailable)
MPRegen 0.09/turn    (no gizmo)

%: no passive effects
@: revved
A: off-hand wielding, slow wielding, warmup strikes, no jewellery
a: Invent Gizmo, Convert to Beogh


You were on level 3 of the Dungeon.
You visited 1 branch of the dungeon, and saw 3 of its levels.

You collected 97 gold pieces.

Inventory:

Hand Weapons
 a - a +2 sling (weapon) {Imanvir}
 l - a +0 sling (offhand) {Si-Tayit}
Missiles
 d - a throwing net
Armour
 c - a +0 robe
 h - a +3 ring mail (worn)
Scrolls
 b - a scroll of poison
 i - a scroll of identify {@r1}
 j - a scroll of teleportation {unknown}
Potions
 e - a potion of ambrosia {unknown}
 f - 2 potions of mutation
 k - a potion of cancellation {unknown}
 q - a potion of curing {@q1}


   Skills:
 - Level 1.5 Fighting
 + Level 3.3 Ranged Weapons
 - Level 2.1 Dodging
 - Level 1.3 Spellcasting
 - Level 3.0 Hexes
 - Level 1.3 Fire Magic


You had 5 spell levels left.
You didn't know any spells.
Your spell library contained the following spells:

 Spells                   Type           Power      Damage    Failure   Level
 Jinxbite                 Hex            16%        N/A       36%         2
 Sigil of Binding         Hex            8%         N/A       61%         3
 Inner Flame              Hex/Fire       6%         N/A       73%         3
 Cause Fear               Hex            4%         N/A       95%         4
 Dimensional Bullseye     Hex/Tloc       2%         N/A       99%         4


Dungeon Overview and Level Annotations

Branches:
Dungeon (3/15)

Altars:


Innate Abilities, Weirdness & Mutations

You can wield a second weapon in your off-hand.
It takes a long time for you to wield or remove held weapons.
Your first few attacks do less damage.
You cannot equip rings or amulets.


Message History

Aim: an orc, wielding a +0 short sword (62% to hit)
You shoot a sling bullet.
The sling bullet closely misses the orc.
You shoot a sling bullet.
The sling bullet closely misses the orc.
Fire: a) +2 sling {Imanvir}
Press: ? - help, Q - select action, (/) - cycle Shift-Dir - straight line, f/p - orc
Aim: an orc, wielding a +0 short sword (62% to hit)
You shoot a sling bullet. The sling bullet hits the orc.
The orc is heavily wounded.
You shoot a sling bullet. The sling bullet hits the orc!
You kill the orc!
An endoplasm comes into view.
You hear some strange, mumbled words.
A puff of flame appears from out of thin air!
The puff of flame hits you!
You take 9 damage, and have 13/32 hp.
MASSIVE DAMAGE!!
Fire: a) +2 sling {Imanvir}
Press: ? - help, Q - select action, (/) - cycle Shift-Dir - straight line, f - endoplasm
Aim: an endoplasm (86% to hit)
You shoot a sling bullet. The sling bullet hits the endoplasm!
You kill the endoplasm!
You shoot a sling bullet.
The orc priest mumbles some strange prayers to Beogh against you.
Beogh smites you!
* * * LOW HITPOINT WARNING * * *
Something hits you.
* * * LOW HITPOINT WARNING * * *
You take 10 damage, and have 3/32 hp.
MASSIVE DAMAGE!!
Fire: a) +2 sling {Imanvir}
Press: ? - help, Q - select action, (/) - cycle Shift-Dir - straight line, f - orc priest
Aim: an orc priest, wielding a +0 hand axe and wearing a +0 ring mail (lightly wounded, 65% to hit)
You shoot a sling bullet. The sling bullet hits the orc priest.
The orc priest is heavily wounded.
You shoot a sling bullet.
The sling bullet completely misses the orc priest.
The orc priest shouts, "Beogh offers mercy even to people such as you.
Join us and be reborn!"
The orc priest mumbles some strange prayers to Beogh against you.
Beogh smites you!
You die...

.# #.#5# #..# #..^......
... #.### #..###.........
.... ß... #..............
....###'###..###.........
#.$.........# ###.......
#)...o.....## #.......
'#.#...#.## #.......
#o###.# #....... #o{@..#
#....... .......#####
########## ....#### #...#
#. ... #...# #. .
#...#####. #......)..
#...#####. #...# #. #...#
#.


You could see an orc priest and an orc.

Vanquished Creatures
  3 gnolls (D:3)
  3 ribbon worms
  3 dart slugs
  2 orcs (D:3)
  5 endoplasms
  4 giant cockroaches
  7 goblins
  3 hobgoblins
  A jackal (D:3)
  2 kobolds
  2 quokkas (D:3)
  3 ball pythons (D:1)
  5 bats
  2 frilled lizards
  6 rats
51 creatures vanquished.

Notes
Turn   | Place    | Note
-------+----------+-------------------------------------------
     0 | D:1      | Ofeo the Coglin Hexslinger began the quest for the Orb.
     0 | D:1      | Reached XP level 1. HP: 15/15 MP: 2/2
    57 | D:1      | Reached skill level 1 in Fire Magic
    74 | D:1      | Reached XP level 2. HP: 21/21 MP: 3/3
   913 | D:2      | Reached XP level 3. HP: 26/26 MP: 4/4
  1561 | D:3      | Reached XP level 4. HP: 32/32 MP: 5/5
  2310 | D:3      | Killed from afar by an orc priest

Illustrated notes

Levels and vault maps discovered:
D:1:      saegor_arrival_simple_b, layout_loops_cross,
          chequers_serial_rivers_large_a, moated_statue
D:2:      layout_rooms
D:3:      kennysheep_six_static_rooms, layout_basic,
          dreamdust_ecumenical_altar_sealed_demon

Skill      XL: |  1  2  3  4 |
---------------+-------------+-----
Fire Magic     | 1 |  1.3
Dodging        | 2 |  2.1
Ranged Weapons | 2 3 |  3.3
Hexes          | 3 |  3.0
Fighting       | |  1.5
Spellcasting   | |  1.3

Action                     |  1- 3 |  4- 6 || total
---------------------------+-------+-------++-------
   Fire: Sling             |   218 |    74 ||   292
    Use: Scroll            |     5 |       ||     5
         Potion            |       |     2 ||     2
 Armour: Robe              |     8 |       ||     8
         Ring mail         |     9 |     9 ||    18
  Dodge: Dodged            |    14 |     1 ||    15

Table legend: (Time is in decaauts)
 A = Elapsed time spent in this place.
 B = Non-inter-level travel time spent in this place.
 C = Inter-level travel time spent in this place.
 D = Time resting spent in this place.
 E = Time spent auto-exploring this place.
 F = Levels seen in this place.
 G = Mean time per level.
                   A        B        C        D        E       F      G
               +--------+--------+--------+--------+--------+-----+--------+
         Total |   2382 |   2305 |     77 |    100 |   1877 |   3 |  794.0 |
       Dungeon |   2382 |   2305 |     77 |    100 |   1877 |   3 |  794.0 |
               +--------+--------+--------+--------+--------+-----+--------+

Top non-repeatable levels by time:
     D:1: 915 daAuts
     D:3: 869 daAuts
     D:2: 597 daAuts
